 Dungeon Crawl Stone Soup version 0.25-a0-71-ge910a4a285 (webtiles) character file.

Game seed: 9936303941999107385, levelgen mode: deterministic

20333 Gargoyl the Nimble (level 12, 0/101 HPs)
             Began as a Yellow Draconian Abyssal Knight on Nov 4, 2019.
             Was a High Priest of Lugonu.
             Slain by a six-headed hydra (9 damage)
             ... on level 5 of the Lair of Beasts.
             The game lasted 00:32:55 (18321 turns).

Gargoyl the Nimble (DrAK)                          Turns: 18321, Time: 00:32:55

Health: 0/101      AC: 11    Str: 19    XL:     12   Next: 44%
Magic:  19/19      EV: 23    Int: 14    God:    Lugonu [*****.]
Gold:   292        SH:  0    Dex: 16    Spells: 9/11 levels left

rFire    . . .     SeeInvis .   l - +9 staff of Olgreb {rPois}
rCold    . . .     Gourm    .   (no shield)
rNeg     . . .     Faith    .   (armour unavailable)
rPois    ∞         Spirit   .   y - +0 hat {MR+}
rElec    .         Reflect  .   A - +1 cloak {MR+}
rCorr    +         Harm     .   n - +0 pair of gloves (curse)
MR       ++...     Clarity  +   (no boots)
Stlth    +++.......             (no amulet)
HPRegen  0.26/turn              e - +3 ring of evasion
MPRegen  0.16/turn              G - +6 ring of dexterity

@: short of breath, starving
A: spit acid, unfitting armour, hooves 1, clarity, mutation resistance 1,
cold-blooded, acid resistance, AC +8
a: Breathe Acid, Depart the Abyss, Bend Space, Banish, Corrupt, Enter the Abyss,
Renounce Religion


You were on level 5 of the Lair of Beasts.
You worshipped Lugonu.
Lugonu was extremely pleased with you.
You were starving.

You visited 2 branches of the dungeon, and saw 15 of its levels.
You visited the Abyss 1 time.
You also visited: Ossuary.

You collected 722 gold pieces.
You spent 430 gold pieces at shops.

Inventory:

Hand Weapons
 a - a +4 hand axe
 l - the +9 staff of Olgreb (weapon) {rPois}
   (You found it on level 5 of the Dungeon)

   It protects you from poison.
Missiles
 d - 2 silver boomerangs
 D - 6 silver javelins (quivered)
Armour
 n - a cursed +0 pair of gloves (worn)
 y - a +0 hat of magic resistance (worn)
 A - a +1 cloak of magic resistance (worn)
 F - the +1 hat of the Heavens {+Inv rElec rF+++ Stlth-}
   (You acquired it on level 1 of the Lair of Beasts)

   It renders you almost immune to fire.
   It insulates you from electricity.
   It lets you turn invisible.
   It makes you less stealthy.
Jewellery
 c - an uncursed ring of wizardry
 e - a +3 ring of evasion (left hand)
 G - a +6 ring of dexterity (right hand)
Wands
 i - a wand of paralysis (8)
 k - a wand of polymorph (32)
 q - a wand of digging (9)
 w - a wand of acid (3)
 B - a wand of enslavement (10)
 C - a wand of disintegration (17)
Scrolls
 h - 2 scrolls of identify
 j - 7 scrolls of remove curse
 o - 6 scrolls of magic mapping
 r - 2 scrolls of amnesia
 t - 4 scrolls of teleportation
 u - a scroll of vulnerability {unknown}
Potions
 f - 6 potions of curing
 g - 2 potions of brilliance {unknown}
 m - 2 potions of magic
 p - 3 potions of agility
 s - a potion of flight
 x - 2 potions of haste
 z - a potion of heal wounds
 H - a potion of might
Miscellaneous
 E - a sack of spiders
Comestibles
 b - 5 rations


   Skills:
 + Level 8.0 Fighting
 + Level 7.5 Axes
 + Level 8.6 Staves
 + Level 2.5 Throwing
 * Level 11.0 Dodging
 + Level 5.6 Stealth
 + Level 0.2 Spellcasting
 + Level 0.3 Necromancy
 * Level 10.2 Invocations
 + Level 1.0 Evocations


You had 9 spell levels left.
You knew the following spells:

 Your Spells              Type           Power        Failure   Level  Hunger
a - Corpse Rot            Necr           N/A          36%         2    ###....

Your spell library contained the following spells:

 Spells                   Type           Power        Failure   Level  Hunger
 Corona                   Hex            #......      28%         1    ##.....
 Magic Dart               Conj           #...         28%         1    ##.....
 Summon Small Mammal      Summ           #...         28%         1    ##.....
 Call Imp                 Summ           #.......     41%         2    ###....
 Searing Ray              Conj           #.....       41%         2    ###....
 Vampiric Draining        Necr           #.........   58%         3    ####...
 Call Canine Familiar     Summ           #.......     65%         3    ####...
 Dazzling Spray           Conj/Hex       #.....       65%         3    ####...
 Gell's Gravitas          Tloc           #.........   65%         3    ####...
 Portal Projectile        Hex/Tloc       #.....       65%         3    ####...
 Spider Form              Tmut/Pois      #.........   65%         3    ####...
 Summon Guardian Golem    Hex/Summ       #.......     65%         3    ####...
 Animate Dead             Necr           N/A          94%         4    #####..
 Airstrike                Air            #.........   96%         4    #####..
 Force Lance              Conj/Tloc      #.......     96%         4    #####..
 Fulminant Prism          Conj/Hex       #.........   96%         4    #####..
 Iskenderun's Mystic Bla  Conj           #.......     96%         4    #####..
 Summon Ice Beast         Ice/Summ       #.......     96%         4    #####..
 Summon Lightning Spire   Summ/Air       #.......     96%         4    #####..
 Excruciating Wounds      Chrm/Necr      #.........   100%        5    ######.
 Silence                  Hex/Air        #.........   100%        5    ######.
 Conjure Ball Lightning   Conj/Air       #.........   100%        6    #######
 Dispersal                Tloc           #.........   100%        6    #######
 Controlled Blink         Tloc           N/A          100%        8    #######
 Disjunction              Tloc           #.........   100%        8    #######


Dungeon Overview and Level Annotations

Branches:
Dungeon (9/15)             Temple (0/1) D:6            Lair (6/6) D:9
  Slime (0/5) Lair:6      Ossuary (visited)
  Swamp: Lair:2-4    Shoals: Lair:2-4     Snake: Lair:2-4    Spider: Lair:2-4
    Orc: D:9-12

Altars:
Ashenzari
Cheibriados
Elyvilon
Sif Muna
Trog
Xom
Yredelemnul
Zin

Shops:
D:8 *

Annotations:
Lair:5 corrupted


Innate Abilities, Weirdness & Mutations

You can spit globs of acid.
Your golden yellow scales are hard. (AC +8)
You cannot fit into any form of body armour.
You are cold-blooded and may be slowed by cold attacks.
You are resistant to acid. (rCorr)
You have large cloven feet.
You possess an exceptional clarity of mind.
You are somewhat resistant to further mutation.


Message History

The six-headed hydra looks more healthy.
The six-headed hydra is no longer covered in acid.
You are starving!
You sock the six-headed hydra!
The six-headed hydra is poisoned.
Your kick misses the six-headed hydra.
The six-headed hydra is almost dead.
The six-headed hydra misses you.
The six-headed hydra completely misses you.
The six-headed hydra misses you. The six-headed hydra bites you!
* * * LOW HITPOINT WARNING * * *
The six-headed hydra misses you. The six-headed hydra bites you!
* * * LOW HITPOINT WARNING * * *
You hit the six-headed hydra.
The six-headed hydra looks even sicker.
You kick the six-headed hydra.
The six-headed hydra is almost dead.
Unknown command.
The six-headed hydra misses you.
The six-headed hydra bites you but does no damage.
The six-headed hydra barely misses you. The six-headed hydra bites you!
You die...

.......<#..# .#.#.#.#...## ...
........P#.###### #........
#.#.#.#......#..## ##........
.................###.........
...P.........................
...................P..........
..............................
..............@D.............
........##...............#
......# ###..............
#.... #............... }.
#..≈≈≈≈≈........
#...≈≈≈≈≈...#....
.....≈♣♣♣≈...P...# ......≈♣
♣≈.......# #####.≈♣ ♣≈.......#


You could see a six-headed hydra.

Vanquished Creatures
  Gastronok (D:8)
  An anaconda (Lair:5)
  5 death yaks
  The ghost of marsu the Cleaver, a novice TeMo (D:5)
  5 black mambas
  2 spiny frogs
  3 komodo dragons
  A rime drake (Lair:1)
  Sigmund (D:2)
  2 wyverns
  19 yaks
  A basilisk (Lair:2)
  2 hungry ghosts (D:6)
  2 soldier ants
  9 water moccasins
  4 orc warriors
  2 porcupines (Lair:1)
  2 sky beasts (D:5)
  5 ice beasts
  A necrophage (D:9)
  A phantom (D:4)
  2 ogres
  3 centaurs
  2 crocodiles (Lair:2)
  A big kobold (D:8)
  8 bullfrogs
  A wyvern zombie (D:9)
  2 scorpions
  18 killer bees
  5 howler monkeys
  4 quasits
  3 bullfrog zombies
  4 crimson imps
  6 hounds
  2 centaur skeletons
  5 orc priests
  6 orc wizards
  Jessica (D:3)
  4 iguanas
  13 worker ants
  Natasha (twice) (D:3)
  A killer bee zombie (D:6)
  5 big kobold zombies (Ossuary)
  2 hound zombies
  A hound skeleton (D:6)
  A mummy (Ossuary)
  13 adders
  A gnoll (D:5)
  4 shadow imps
  3 white imps (D:7)
  3 oozes
  2 adder skeletons
  2 worms
  2 dart slugs
  8 leopard geckos
  35 orcs
  4 spectral bats (Ossuary)
  4 bats
  7 giant cockroaches
  9 gnoll zombies
  6 goblins
  13 hobgoblins
  5 jackals
  3 quokkas
  A ball python (D:2)
  5 bat simulacra (Ossuary)
  5 frilled lizards
  7 goblin simulacra (Ossuary)
  2 goblin zombies (Ossuary)
  5 hobgoblin zombies (Ossuary)
  9 kobolds
  7 kobold simulacra (Ossuary)
  4 kobold zombies (Ossuary)
  A leopard gecko skeleton (D:8)
  7 orc zombies (Ossuary)
  A quokka simulacrum (D:7)
  8 rats
  3 rat simulacra (Ossuary)
  A spectral goblin (Ossuary)
  4 spectral kobolds (Ossuary)
  4 spectral rats (Ossuary)
  A plant (Lair:2)
371 creatures vanquished.

Vanquished Creatures (others)
  The ghost of endorz the Fighter, a novice MiFi of the Shining One (D:7)
  4 oklob plants (Lair:2)
  A spiny frog (Lair:5)
  A hornet (D:9)
  A porcupine (Lair:5)
  A crocodile (Lair:5)
  2 electric eels (Lair:5)
  9 fungi
  4 plants
24 creatures vanquished.

Grand Total: 395 creatures vanquished

Notes
Turn   | Place    | Note
-------+----------+-------------------------------------------
     0 | Abyss:1  | Gargoyl the Draconian Abyssal Knight began the quest for
                  | the Orb.
     0 | Abyss:1  | Reached XP level 1. HP: 19/19 MP: 2/2
   131 | Abyss:3  | Noticed a balrug
   131 | Abyss:3  | Noticed a red devil
   149 | Abyss:3  | Got a clouded pewter ring
   196 | Abyss:3  | Identified the ring of Wishful Thinking {Fire rElec rPois
                  | Int+10 Stlth+} (You found it on level 3 of the Abyss)
   207 | Abyss:3  | Noticed a small abomination
   221 | Abyss:3  | Noticed a hellion
   228 | Abyss:3  | Noticed an ancient zyme
   230 | D:1      | Escaped the Abyss
   291 | D:1      | Reached * piety under Lugonu
   446 | D:1      | Reached XP level 2. HP: 26/26 MP: 3/3
  1187 | D:2      | Gained mutation: You have large cloven feet. [potion of
                  | mutation]
  1187 | D:2      | Gained mutation: You possess an exceptional clarity of
                  | mind. [potion of mutation]
  1187 | D:2      | Gained mutation: You are somewhat resistant to further
                  | mutation. [potion of mutation]
  1258 | D:2      | Reached XP level 3. HP: 11/31 MP: 4/4
  1884 | D:2      | Noticed Sigmund
  1902 | D:2      | Killed Sigmund
  1902 | D:2      | Reached skill level 1 in Throwing
  1902 | D:2      | Reached skill level 3 in Dodging
  1902 | D:2      | Reached XP level 4. HP: 40/40 MP: 6/6
  1902 | D:2      | Reached XP level 5. HP: 46/46 MP: 7/7
  2262 | D:2      | Reached ** piety under Lugonu
  2585 | D:3      | Noticed an angel
  2586 | D:3      | Found a glowing silver altar of Zin.
  2586 | D:3      | Found a shimmering altar of Xom.
  2799 | D:3      | Reached XP level 6. HP: 35/52 MP: 8/8
  2975 | D:3      | Noticed Jessica
  2981 | D:3      | Noticed Natasha
  2983 | D:3      | Killed Jessica
  2997 | D:3      | Killed Natasha
  3433 | D:3      | Noticed Natasha
  3437 | D:3      | Killed Natasha
  3437 | D:3      | Reached skill level 1 in Stealth
  3929 | D:4      | Found a bloodstained altar of Trog.
  4088 | D:4      | Reached skill level 4 in Dodging
  4094 | D:4      | Reached *** piety under Lugonu
  4171 | D:4      | Your scales start taking on a golden yellow colour.
  4171 | D:4      | Reached XP level 7. HP: 56/59 MP: 9/9
  4171 | D:4      | Gained mutation: You are resistant to acid. (rCorr) [Yellow
                  | Draconian growth]
  4743 | D:5      | Entered Level 5 of the Dungeon
  4763 | D:5      | Found a transporter.
  4875 | D:5      | Found a runed translucent gate.
  4877 | D:5      | Found the +9 staff of Olgreb {rPois}
  5115 | D:5      | Reached skill level 5 in Axes
  5323 | D:5      | Reached XP level 8. HP: 62/67 MP: 11/11
  5339 | D:5      | Found a transporter.
  5341 | D:5      | Noticed marsu's ghost (novice TeMo)
  5410 | D:5      | Reached skill level 5 in Dodging
  5559 | D:5      | Killed marsu's ghost
  5559 | D:5      | Reached skill level 5 in Invocations
  6178 | D:5      | Found a runed translucent door.
  6185 | D:5      | Found a runed translucent gate.
  6185 | D:5      | Found a runed translucent gate.
  6186 | D:5      | Found a runed translucent door.
  6354 | D:6      | Reached skill level 5 in Fighting
  6605 | D:6      | Reached **** piety under Lugonu
  6633 | D:6      | Found a sand-covered staircase.
  6643 | Ossuary  | Entered an ossuary
  6852 | Ossuary  | Reached XP level 9. HP: 74/74 MP: 13/13
  6984 | Ossuary  | Reached skill level 6 in Dodging
  7199 | Ossuary  | Reached ***** piety under Lugonu
  7759 | D:6      | Found a staircase to the Ecumenical Temple.
  9005 | D:6      | Found a basalt altar of Yredelemnul.
  9034 | D:6      | Reached skill level 7 in Dodging
  9522 | D:6      | Reached skill level 1 in Staves
  9688 | D:7      | Reached XP level 10. HP: 74/83 MP: 13/15
 10190 | D:7      | Reached skill level 8 in Dodging
 10453 | D:7      | Found a runed translucent gate.
 10453 | D:7      | Found a runed translucent gate.
 10462 | D:7      | Found a runed translucent gate.
 10506 | D:7      | Found a snail-covered altar of Cheibriados.
 10883 | D:7      | Noticed endorz's ghost (novice MiFi)
 10936 | D:7      | Banished endorz's ghost
 11427 | D:8      | Identified the Incunabulum of Virous Evil Secrets
 11582 | D:8      | Noticed Gastronok
 11604 | D:8      | Killed Gastronok
 11604 | D:8      | Reached skill level 5 in Staves
 11821 | D:8      | Found Utusionu's Assorted Antiques.
 11829 | D:8      | Bought a potion of heal wounds for 105 gold pieces
 11829 | D:8      | Bought a scroll of teleportation for 63 gold pieces
 11829 | D:8      | Bought a potion of heal wounds for 105 gold pieces
 11829 | D:8      | Bought an embroidered cloak for 157 gold pieces
 11851 | D:8      | Found a white marble altar of Elyvilon.
 12586 | D:9      | Noticed a death yak
 12587 | D:9      | Found a staircase to the Lair.
 12589 | D:9      | Noticed a death yak
 12589 | D:9      | Noticed a death yak
 12590 | D:9      | Noticed a death yak
 12590 | D:9      | Noticed a death yak
 12599 | D:9      | Noticed a death yak
 12601 | D:9      | Killed a death yak
 12601 | D:9      | Reached skill level 9 in Dodging
 12601 | D:9      | Reached skill level 5 in Stealth
 12601 | D:9      | Reached XP level 11. HP: 55/92 MP: 11/16
 12819 | D:8      | Killed a death yak
 12980 | D:8      | Killed a death yak
 13157 | D:8      | Killed a death yak
 13190 | D:8      | Killed a death yak
 13444 | D:9      | Found a shattered altar of Ashenzari.
 13868 | D:9      | Found a shimmering blue altar of Sif Muna.
 14476 | Lair:1   | Entered Level 1 of the Lair of Beasts
 14642 | Lair:1   | Got a shimmering mace
 14643 | Lair:1   | Identified the +6 mace "Kaul" {flame, Str+3 Int+9 Dex-5}
                  | (You found it on level 1 of the Lair of Beasts)
 14764 | Lair:1   | Identified a scroll of acquirement
 14765 | Lair:1   | Got a spiked hat
 14776 | Lair:1   | Identified the +1 hat of the Heavens {+Inv rElec rF+++
                  | Stlth-} (You acquired it on level 1 of the Lair of Beasts)
 15098 | Lair:1   | Reached skill level 10 in Dodging
 15124 | Lair:1   | You fall into a shaft and drop 1 floor!
 15304 | Lair:2   | Learned a level 2 spell: Corpse Rot
 15941 | Lair:2   | Noticed an oklob plant
 15941 | Lair:2   | Noticed an oklob plant
 15941 | Lair:2   | Noticed an oklob plant
 15941 | Lair:2   | Noticed an oklob plant
 16355 | Lair:2   | Banished an oklob plant
 16356 | Lair:2   | Banished an oklob plant
 16363 | Lair:2   | Banished an oklob plant
 16364 | Lair:2   | Banished an oklob plant
 16364 | Lair:2   | Reached XP level 12. HP: 75/101 MP: 6/18
 16375 | Lair:2   | Identified the Incunabulum of the Fetching Birds
 17159 | Lair:3   | You fall into a shaft and drop 3 floors!
 17159 | Lair:6   | Entered Level 6 of the Lair of Beasts
 17159 | Lair:6   | Found a staircase to the Slime Pits.
 17163 | Lair:6   | Noticed a five-headed hydra
 17262 | Lair:6   | Reached skill level 10 in Invocations
 17475 | Lair:5   | Corrupted Lair:5
 17475 | Lair:5   | Noticed a deep elf sorcerer
 17481 | Lair:5   | Noticed a bone dragon
 17484 | Lair:5   | Noticed a bone dragon
 17500 | Lair:5   | Noticed a brown very ugly thing
 17909 | Lair:4   | Noticed an entropy weaver
 17909 | Lair:4   | Noticed a ghost crab
 17909 | Lair:4   | Noticed an entropy weaver
 18052 | Lair:5   | Noticed an anaconda
 18063 | Lair:5   | Killed an anaconda
 18063 | Lair:5   | Reached skill level 11 in Dodging
 18063 | Lair:5   | Reached skill level 1 in Evocations
 18302 | Lair:5   | Noticed a six-headed hydra
 18321 | Lair:5   | Slain by a six-headed hydra

Levels and vault maps discovered:
D:1:      elethiomel_arrival_infinity_welcomes_careful_drivers, layout_basic
D:2:      layout_basic, minmay_fountain_box, uniq_sigmund
D:3:      layout_basic, grunt_temple_overflow_order_and_chaos_1, first_ration,
          uniq_natasha, uniq_jessica
D:4:      layout_loops_ring, trog_three_pillars_becter
D:5:      minmay_skewed_foursquare, layout_cave_pods,
          gammafunk_ghost_stat_death, minivault_24,
          minmay_guarded_unrand_staff_of_olgreb
D:6:      layout_loops_corners, lemuel_zombie_altar_yredelemnul,
          minmay_temple_entry_glass, chequers_ossuary_entry_cave
D:7:      layout_rooms, kennysheep_little_box, gammafunk_ghost_icy
D:8:      layout_loops_corners, elyvilon_altar_5, serial_shops, shop,
          uniq_gastronok
D:9:      layout_gridville, nicolae_overflow_hidden_temple, dpeg_lair_monsters
Lair:1:   layout_regular_city, gammafunk_ghost_necromancy,
          infiniplex_staircase_pool_2, lemuel_fruit_fields
Lair:2:   layout_chaotic_city, grunt_megastairs_2, minmay_lair_oklob_chamber
Lair:3:   layout_roguey, spider_nest_entry_webs
Lair:4:   gammafunk_mikee_crab_dinner, layout_cave_pods,
          skrybe_swamp_entry_bodies
Lair:5:   beast_lair_carwin_large_2, layout_gridlike, st_stairs_13
Lair:6:   cheibrodos_lair_end_hotspot, layout_cave_shapes,
          minmay_slime_entry_pillars, infiniplex_staircase_pool

Skill      XL: |  1  2  3  4  5  6  7  8  9 10 11 12 |
---------------+-------------------------------------+-----
Axes           | 3 4 5 6 7 |  7.5
Throwing       | 1 2 |  2.5
Dodging        | 3 4 5 7 9 10 11 | 11.0
Invocations    | 3 4 5 6 7 9 10 | 10.2
Stealth        | 1 3 4 5 |  5.6
Fighting       | 4 5 6 7 8 |  8.0
Staves         | 1 5 7 8 |  8.6
Evocations     | 1 |  1.0
Spellcasting   | |  0.2
Necromancy     | |  0.3

Action                   |  1- 3 |  4- 6 |  7- 9 | 10-12 || total
-------------------------+-------+-------+-------+-------++-------
Melee: Hand axe          |    82 |    99 |   454 |       ||   635
       Tailslap          |    12 |     7 |    74 |   107 ||   200
       Kick              |     6 |    27 |   136 |   183 ||   352
       Staff             |       |       |    64 |   544 ||   608
Throw: Boomerang         |    12 |    22 |       |       ||    34
       Javelin           |    22 |    20 |       |       ||    42
 Cast: Corpse Rot        |       |       |       |     2 ||     2
Invok: Depart the Abyss  |     1 |       |       |       ||     1
       Banish            |       |       |       |     6 ||     6
       Bend Space        |       |       |       |     1 ||     1
       Corrupt           |       |       |       |     1 ||     1
 Abil: Breathe Acid      |       |       |    22 |    35 ||    57
Evoke: Wand              |       |       |     4 |     4 ||     8
  Use: Scroll            |     4 |     8 |     5 |     9 ||    26
       Potion            |     5 |       |     7 |     2 ||    14
 Stab: Sleeping          |     1 |       |    17 |     4 ||    22
       Paralysed         |       |       |     7 |       ||     7
  Eat: Chunk             |     2 |     8 |    18 |    18 ||    46
       Ration            |       |       |     2 |     5 ||     7
Armor: Skin              |    28 |    30 |   205 |   105 ||   368
Dodge: Dodged            |    49 |    53 |   425 |   546 ||  1073

Table legend:
 A = Non-vault XP
 B = Vault XP
 C = Vault XP percentage of total XP
 D = Non-vault monster count
 E = Vault monster count
 F = Vault count percentage of total count
                 A         B        C        D         E       F
            +---------+---------+-------+---------+---------+-------
      Total |   15177 |   13871 |  47.8 |     252 |     125 |  33.2
            +---------+---------+-------+---------+---------+-------
        D:1 |      34 |       0 |   0.0 |      18 |       0 |   0.0
        D:2 |      61 |     212 |  77.7 |      23 |       1 |   4.2
        D:3 |     199 |      72 |  26.6 |      28 |       2 |   6.7
        D:4 |     403 |       0 |   0.0 |      20 |       0 |   0.0
        D:5 |     586 |    1787 |  75.3 |      22 |      28 |  56.0
        D:6 |    1898 |     311 |  14.1 |      35 |       4 |  10.3
        D:7 |    1072 |    1197 |  52.8 |      26 |       9 |  25.7
        D:8 |     489 |    5535 |  91.9 |      16 |       5 |  23.8
        D:9 |    1573 |     864 |  35.5 |      21 |       1 |   4.5
     Lair:1 |    1569 |       0 |   0.0 |      10 |       0 |   0.0
     Lair:2 |    3901 |    1798 |  31.5 |      20 |       6 |  23.1
     Lair:3 |    1253 |       0 |   0.0 |       3 |       0 |   0.0
     Lair:4 |     998 |       0 |   0.0 |       5 |       0 |   0.0
     Lair:5 |     222 |    1874 |  89.4 |       2 |       3 |  60.0
     Lair:6 |     919 |       0 |   0.0 |       3 |       0 |   0.0
    Ossuary |       0 |     221 | 100.0 |       0 |      66 | 100.0
            +---------+---------+-------+---------+---------+-------
